 Dungeon Crawl Stone Soup version 0.22-a0-402-ga933591 (webtiles) character file.

198 Borgoz the Skirmisher (level 5, -2/33 HPs)
             Began as a Gargoyle Abyssal Knight on May 7, 2018.
             Was a Believer of Lugonu.
             Slain by a gnoll
             ... wielding a +0 spear
              (3 damage)
             ... on level 3 of the Dungeon.
             The game lasted 00:03:51 (2939 turns).

Borgoz the Skirmisher (Gargoyle Abyssal Knight)     Turns: 2939, Time: 00:03:52

Health: -2/33      AC:  7    Str: 15    XL:     5   Next: 76%
Magic:  7/7        EV: 12    Int: 13    God:    Lugonu [**....]
Gold:   119        SH:  0    Dex: 10    Spells: 4/4 levels left

rFire    . . .     SeeInvis .   a - +1 mace
rCold    . . .     Gourm    .   (no shield)
rNeg     + + .     Faith    .   b - +0 leather armour
rPois    ∞         Spirit   .   (no helmet)
rElec    +         Reflect  .   (no cloak)
rCorr    .         Harm     .   (no gloves)
MR       .....                  (no boots)
Stlth    +.........             (no amulet)
HPRegen  0.11/turn              l - ring of positive energy
MPRegen  0.10/turn              (no ring)

@: flying
A: negative energy resistance 1, electricity resistance, unbreathing,
petrification resistance, rot immunity, AC +4
a: Depart the Abyss, Bend Space, Renounce Religion


You were on level 3 of the Dungeon.
You worshipped Lugonu.
Lugonu was pleased with you.
You were hungry.

You visited 1 branch of the dungeon, and saw 3 of its levels.
You visited the Abyss 1 time.

You collected 119 gold pieces.

Inventory:

Hand Weapons
 a - a +1 mace (weapon)
Armour
 b - a +0 leather armour (worn)
Jewellery
 l - a ring of positive energy (left hand)
Scrolls
 d - a scroll of vulnerability {unknown}
 f - a scroll of fear {unknown}
 g - a scroll of identify {unknown}
 h - 2 scrolls of remove curse {unknown}
 i - a scroll of immolation {unknown}
 j - a scroll of amnesia {unknown}
Potions
 e - a potion of flight
 k - a potion of lignification {unknown}
 m - a potion of ambrosia {unknown}
Comestibles
 c - 2 rations


   Skills:
 + Level 4.2 Fighting
 + Level 3.0 Maces & Flails
 + Level 3.4 Armour
 + Level 2.0 Dodging
 + Level 3.2 Invocations


You had 4 spell levels left.
You didn't know any spells.

Dungeon Overview and Level Annotations

Branches:
Dungeon (3/15)

Altars:
Cheibriados
Elyvilon
Sif Muna


Innate Abilities, Weirdness & Mutations

You are resistant to torment.
Your stone body is resilient. (AC +4)
You are immune to poison.
You resist negative energy. (rN+)
You are resistant to electric shocks. (rElec)
You can survive without breathing.
You are immune to petrification.
You are immune to rotting.


Message History

The gnoll is almost dead.
The gnoll hits you with a spear.
* * * LOW HITPOINT WARNING * * *
You closely miss the gnoll.
The gnoll is almost dead.
The gnoll closely misses you. The gnoll hits you with a spear.
* * * LOW HITPOINT WARNING * * *
Okay, then.
You barely miss the gnoll.
The gnoll is almost dead.
The gnoll barely misses you.
It was a potion of flight.
You feel very buoyant.
You fly up into the air.
The gnoll hits you with a spear.
* * * LOW HITPOINT WARNING * * *
You hit the gnoll but do no damage.
The gnoll is almost dead.
The gnoll barely misses you.
The gnoll hits you from afar with a spear.
You die...

### ##### #.# #...#
####.#######.# #...#
......g)@....# #...#
####.#######.####...#####
....................
#######.#.......####
#.#.......# #.#.......#
#.#.......# #.#.......#
#.#.......#


You could see a gnoll.

Vanquished Creatures
  A crimson imp (D:3)
  An orc priest (D:2)
  2 gnolls (D:3)
  6 adders
  An ooze (D:2)
  A worm (D:2)
  5 orcs
  2 ball pythons (D:2)
  3 giant cockroaches
  5 goblins (D:2)
  3 hobgoblins
  3 jackals (D:1)
  A quokka (D:3)
  6 bats
  9 frilled lizards
  3 kobolds
  5 rats
57 creatures vanquished.

Vanquished Creatures (others)
  A goblin (D:3)
  3 jackals (D:3)
4 creatures vanquished.

Grand Total: 61 creatures vanquished

Notes
Turn   | Place    | Note
-------+----------+-------------------------------------------
     0 | Abyss:1  | Borgoz the Gargoyle Abyssal Knight began the quest for the Orb.
     0 | Abyss:1  | Reached XP level 1. HP: 14/14 MP: 2/2
    66 | Abyss:2  | Noticed a small abomination
    67 | D:1      | Escaped the Abyss
   179 | D:1      | Reached * piety under Lugonu
   701 | D:1      | Reached skill level 1 in Dodging
   701 | D:1      | Reached XP level 2. HP: 19/19 MP: 3/3
  1359 | D:2      | Reached XP level 3. HP: 15/23 MP: 4/4
  1654 | D:2      | Reached XP level 4. HP: 25/29 MP: 5/5
  1793 | D:2      | Found a faded altar of an unknown god.
  2338 | D:2      | Reached ** piety under Lugonu
  2512 | D:2      | Reached skill level 4 in Fighting
  2512 | D:2      | Reached XP level 5. HP: 31/33 MP: 7/7
  2586 | D:3      | Found a white marble altar of Elyvilon.
  2618 | D:3      | Found a snail-covered altar of Cheibriados.
  2825 | D:3      | Found a deep blue altar of Sif Muna.
  2937 | D:3      | HP: 1/33 [gnoll/spear (3)]
  2939 | D:3      | Slain by a gnoll

Vault maps used:
D:1:      scummos_arrival_forest, serial_forest, infiniplex_forest_straight_4,
          infiniplex_forest_clump_curved, infiniplex_forest_straight_4,
          infiniplex_forest_zigzag_1, infiniplex_forest_clump_C,
          infiniplex_forest_lined_3, infiniplex_forest_end_3,
          infiniplex_forest_clump_tiny, minmay_lizard_pond
D:2:      chequers_ecumenical_altar_simple_redux, kennysheep_path_1
D:3:      cheibriados_altar_1, elyvilon_altar_4, led_sif_pool

Skill      XL: |  1  2  3  4  5 |
---------------+----------------+-----
Dodging        | 1 2 |  2.0
Armour         | 3 |  3.4
Fighting       | 4 |  4.2
Invocations    | 3 |  3.2
Maces & Flails | 3 |  3.0

Action                   |  1- 3 |  4- 6 || total
-------------------------+-------+-------++-------
Melee: Mace              |   122 |   138 ||   260
Invok: Depart the Abyss  |     1 |       ||     1
  Use: Potion            |       |     1 ||     1
  Eat: Chunk             |     2 |     4 ||     6
Armor: Leather armour    |    75 |    70 ||   145
Dodge: Dodged            |   105 |   104 ||   209

Table legend:
 A = Spawn XP
 B = Non-spawn XP
 C = Spawn XP percentage of total XP
 D = Spawn monster count
 E = Non-spawn monster count
 F = Spawn count percentage of total count
 G = Total turns spent on level
                    A         B        C        D         E        F      G
               +---------+---------+-------+---------+---------+-------+---------
         Total |       0 |     283 |   0.0 |       0 |      57 |   0.0 |  2939
               +---------+---------+-------+---------+---------+-------+---------
           D:1 |       0 |      32 |   0.0 |       0 |      25 |   0.0 |  1267
           D:2 |       0 |     145 |   0.0 |       0 |      21 |   0.0 |  1174
           D:3 |       0 |     106 |   0.0 |       0 |      11 |   0.0 |   431
               +---------+---------+-------+---------+---------+-------+---------
